Merl, neutral female human Valkyrie ------ --------------------------------- |....| |...............................| |<...| |.------------.....------------.| |....| |.|*!.|...|%%|.....|..|(((|...|.| |....| |.|/%.|...|%!|.....-..|(((|...|.| ----|- |.|*!=|...|..|.....|..|...|...|.| # |.|...|.. ||--..[..-----|---|--.| ^ # |.--|--|---P....................| # #..........PP..{:.....{..........| ## ##|.--|---|--.....h|.--...........| --|-- #|.|...|...|---.|.@....----|----.| |.... #|.|...|...|..-.|...@|.-..|....|.| |...| #|.|...|...|..|.|.._.|.|..|....|.| |...| #|.|...|...|..|.|....|.| .|....|.| |....######*###|.------------.------.---------.| ----- |...............................| --------------------------------- Merl the Fighter Experience level: 6 Strength: 15 Dexterity: 17 Constitution: 18 Intelligence: 7 Wisdom: 10 Charisma: 9 Health: 0(56) Energy: 21(21) Def: 8 Gold: 439 Moves: 3893 Dungeon seed: PJ4Mtv2EcfhhhPa3 Game ID: Merl_1525293765 Your Inventory: Coins $ - 439 gold pieces Amulets t - a cursed amulet of restful sleep y - an uncursed amulet of magical breathing (being worn) Weapons a - a +1 long sword (weapon in hand) b - a +0 dagger (in quiver) B - 4 +0 shuriken S - 8 +0 daggers Armor e - an uncursed +3 small shield (being worn) r - an uncursed +0 dwarvish iron helm (being worn) N - an uncursed +0 dwarvish cloak (being worn) R - a cursed -1 dwarvish mithril-coat Y - an uncursed +0 pair of iron shoes (being worn) Comestibles c - 3 uncursed food rations d - an uncursed orange z - an uncursed egg Scrolls g - an uncursed scroll of light n - a cursed scroll of create monster q - an uncursed scroll of scare monster D - an uncursed scroll of gold detection G - an uncursed scroll of create monster Potions h - a blessed potion of gain ability s - an uncursed potion of speed u - a blessed potion of enlightenment v - an uncursed potion of confusion E - an uncursed potion of healing K - an uncursed potion of object detection M - a blessed potion of sickness Q - an uncursed potion of enlightenment Rings C - a cursed ring of polymorph Tools k - an uncursed skeleton key m - an uncursed oil lamp (0:1143) p - a +0 pick-axe w - an uncursed magic whistle J - an uncursed brass lantern (0:1342) L - 3 uncursed wax candles (0:400) O - an uncursed credit card P - 2 uncursed tallow candles (0:200) Spells and supernatural/magical abilities: Name Level Category Fail Memory W - pray for help -- divine ? -- Your skills at the end: Fighting Skills Weapon Skills dagger [Basic] long sword [Basic] Spellcasting Skills Final Attributes: You were piously aligned. You were cold resistant. You were stealthy. You could survive without air. You were lucky. You are dead. Vanquished creatures: a dog an ape a Woodland-elf 5 gnome lords 3 gnomish wizards 2 giant ants a little dog 2 floating eyes a kitten 6 dwarves a kobold shaman 2 rothes 2 orc zombies 3 iguanas 3 coyotes 2 hobbits a red mold 20 gnomes 2 geckos 4 jackals 2 foxes a kobold 3 goblins 2 sewer rats 7 grid bugs 2 bats 5 lichens 2 kobold zombies 4 newts 91 creatures vanquished. Voluntary challenges: You had been an atheist until turn 2479. You used a wielded weapon 103 times, starting on turn 15. You read items or engraved 2 times, starting on turn 1689. You never genocided any monsters. You never polymorphed an object. You never changed form. You used no wishes. You never split a pudding. You never wrote Elbereth's name. You never violated your personal moral code. Dungeon overview: The Dungeons of Doom: levels 1 to 6 Level 1 a long staircase Level 2 Level 3 Level 4 a general store, a fountain stairs to The Gnomish Mines Level 5 an altar to Loki Level 6 many fountains The Gnomish Mines: levels 5 to 7 Level 5 stairs to The Dungeons of Doom Level 6 Level 7 <- You were here some shops, a temple to Tyr, some fountains History has recorded: On T:1 you entered the Dungeons of Doom to retrieve the Amulet of Yendor! On T:228 you reached level 2 of The Dungeons of Doom. On T:463 you reached level 3 of The Dungeons of Doom. On T:502 you advanced to experience level 2. On T:786 you reached level 4 of The Dungeons of Doom. On T:826 you reached level 5 of The Dungeons of Doom. On T:1015 you reached level 1 of The Gnomish Mines. On T:1276 you advanced to experience level 3. On T:1732 you reached level 6 of The Dungeons of Doom. On T:1855 you advanced to experience level 4. On T:2730 you advanced to experience level 5. On T:3054 you reached level 2 of The Gnomish Mines. On T:3136 you advanced to experience level 6. On T:3234 you reached level 3 of The Gnomish Mines. Score breakdown: Gold: 439 ( 8992 points) Experience: 6 levels (12456 points) Exploration: 7 levels ( 14.29%) (10606 points) Discoveries: 5 items ( 2.03%) ( 4276 points) Valuables value: (no points given unless you survive) Artifact value: 0 ( 0 points) Variety of kills: 29 monsters ( 7.61%) ( 8276 points) Turncount: 3893 turns ( -984 points) Survival: died (score multiplied by 80%) Total score: 34897 Latest messages: The dwarf lord swings his dwarvish mattock. The dwarf lord hits! The dog misses the dwarf lord. You miss the dwarf lord. The newt bites! The dog misses the dwarf lord. You hit the dwarf lord. The dwarf lord swings his dwarvish mattock. The dwarf lord hits! The dwarf lord swings his dwarvish mattock. The dwarf lord hits! The dog bites the dwarf lord. The dwarf lord swings his dwarvish mattock at the dog. The dwarf lord hits the dog. The dwarf lord swings his dwarvish mattock at the dog. The dwarf lord hits the dog. The dog is killed! The dwarf lord swings his dwarvish mattock. The dwarf lord misses. The dwarf lord swings his dwarvish mattock. The dwarf lord hits! You die... Final status: Farvel Merl the Valkyrie, killed by a dwarf lord... You died in The Gnomish Mines on dungeon level 7 with 34897 points, and 439 pieces of gold, after 3893 moves. You were level 6 with a maximum of 56 hit points when you died.